 Dungeon Crawl Stone Soup version 0.31-a0-626-g8143ab4f1d (webtiles) character file.

Game seed: 11812774421845839465

94 ArizonaTea the Poker (level 4, 0/34 HPs)
             Began as a Merfolk Gladiator on Aug 24, 2023.
             Slain by an orc
             ... wielding a +0 hand axe
              (3 damage)
             ... on level 3 of the Dungeon.
             The game lasted 00:04:16 (1731 turns).

ArizonaTea the Poker (Merfolk Gladiator)            Turns: 1731, Time: 00:04:16

Health: 0/34       AC:  4    Str: 16    XL:     4   Next: 63%
Magic:  4/4        EV: 13    Int:  7    God:
Gold:   74         SH:  0    Dex: 15    Spells: 3/3 levels left

rFire   . . .        a - +0 trident
rCold   . . .        (no shield)
rNeg    . . .        b - +0 leather armour
rPois   .            c - +0 helmet
rElec   .            (no cloak)
rCorr   .            (no gloves)
SInv    .            (no boots)
Will    .....        (no amulet)
Stlth   ++           (no ring)
HPRegen 0.25/turn    (no ring)
MPRegen 0.09/turn

%: no passive effects
@: no status effects
A: (nimble swimmer 2), mertail
a: no special abilities


You were on level 3 of the Dungeon.
You visited 1 branch of the dungeon, and saw 3 of its levels.

You collected 74 gold pieces.

Inventory:

Hand Weapons
 a - a +0 trident (weapon)
Missiles
 d - 3 throwing nets (quivered)
 e - a javelin
Armour
 b - a +0 leather armour (worn)
 c - a +0 helmet (worn)
Scrolls
 g - 2 scrolls of identify {unknown}
 h - a scroll of amnesia {unknown}
 i - a scroll of blinking {unknown}
 k - a scroll of butterflies {unknown}
Potions
 f - a potion of berserk rage {unknown}
 j - a potion of degeneration {unknown}


   Skills:
 + Level 2.5 Fighting
 + Level 5.2 Polearms
 + Level 2.2 Throwing
 + Level 0.7 Armour
 + Level 4.9 Dodging
 + Level 1.4 Stealth


You had 3 spell levels left.
You didn't know any spells.
Your spell library contained the following spells:

 Spells                   Type           Power      Damage    Failure   Level
 Summon Small Mammal      Summ           0%         N/A       50%         1
 Call Canine Familiar     Summ           0%         N/A       86%         3
 Stone Arrow              Conj/Erth      0%         3d7       86%         3
 Summon Guardian Golem    Hex/Summ       0%         N/A       86%         3
 Animate Armour           Summ/Erth      0%         N/A       99%         4
 Lehudib's Crystal Spear  Conj/Erth      0%         10d2      100%        8


Dungeon Overview and Level Annotations

Branches:
Dungeon (3/15)

Altars:

Shops:
D:2 !

Annotations:
D:3 Grinder


Innate Abilities, Weirdness & Mutations

((You are very nimble when in or above water. (Stealth+, EV+, Speed+++)))
Your lower body shifts to a powerful aquatic tail in water.


Message History

Grinder completely misses you.
You hit Grinder but do no damage.
Grinder is heavily wounded.
Grinder barely misses you. The orc closely misses you.
You barely miss Grinder.
Grinder is heavily wounded.
An orc comes into view. It is wielding a +0 flail.
The orc hits you with a +0 hand axe. The orc hits you with a +0 short sword.
Grinder blinks!
The orc completely misses you.
You hit Grinder but do no damage.
Grinder is heavily wounded.
The orc misses you. The orc barely misses you.
The orc priest begins to cast a cantrip, but forgets the words!
You barely miss Grinder.
Grinder is heavily wounded.
Grinder gestures at you. You resist with significant effort.
The orc hits you with a +0 hand axe. The orc closely misses you. x2
You hit Grinder.
Grinder is severely wounded.
The orc hits you with a +0 hand axe. The orc hits you with a +0 short sword.
* * * LOW HITPOINT WARNING * * *
Grinder misses you. The orc hits you with a +0 flail.
* * * LOW HITPOINT WARNING * * *
You are too injured to fight recklessly!
You are too injured to fight recklessly!
You are too injured to fight recklessly!
You are too injured to fight recklessly!
You are too injured to fight recklessly!
You are too injured to fight recklessly!
You are too injured to fight recklessly!
You are too injured to fight recklessly!
You are too injured to fight recklessly!
You are too injured to fight recklessly!
The orc priest attacks as it pursues you!
The orc priest hits you with a +0 war axe.
* * * LOW HITPOINT WARNING * * *
The orc barely misses you. The orc hits you but does no damage.
Grinder blinks!
The orc hits you with a +0 hand axe.
You die...

....##
.....#####
#.#....<#
#.##..#####.
####..#.........
................
#####...#.......
###.....#####
#..@.....##
#.o.!.......
#§ooo..##...
#......+ .#.
#..o...#
#...5.!.#
#.......#
#.......#
.....####


You could see Grinder, an orc priest and 4 orcs.

Vanquished Creatures
  An iguana (D:2)
  2 adders (D:2)
  A worm (D:2)
  A dart slug (D:2)
  6 endoplasms
  3 giant cockroaches
  3 goblins
  5 hobgoblins
  5 kobolds
  A quokka (D:1)
  3 ball pythons
  6 bats
  3 frilled lizards
  6 rats
46 creatures vanquished.

Notes
Turn   | Place    | Note
-------+----------+-------------------------------------------
     0 | D:1      | ArizonaTea the Merfolk Gladiator began the quest for the
                  | Orb.
     0 | D:1      | Reached XP level 1. HP: 16/16 MP: 1/1
    90 | D:1      | Reached XP level 2. HP: 22/22 MP: 2/2
   588 | D:1      | Reached XP level 3. HP: 28/28 MP: 3/3
  1087 | D:2      | Reached skill level 5 in Polearms
  1087 | D:2      | Reached skill level 1 in Stealth
  1087 | D:2      | Reached XP level 4. HP: 34/34 MP: 4/4
  1541 | D:2      | Found Zoboqi's Distillery.
  1712 | D:3      | Noticed Grinder
  1731 | D:3      | Slain by an orc

Illustrated notes

Levels and vault maps discovered:
D:1:      dpeg_arrival_refuge, layout_basic, minmay_strange_pillars
D:2:      layout_loops_ring, serial_shops, nicolae_shop_tiny_glass
D:3:      layout_basic, uniq_grinder

Skill      XL: |  1  2  3 |
---------------+----------+-----
Polearms       | 5 |  5.2
Stealth        | 1 |  1.4
Fighting       | |  2.5
Throwing       | |  2.2
Armour         | |  0.7
Dodging        | |  4.9

Action                     |  1- 3 |  4- 6 || total
---------------------------+-------+-------++-------
  Melee: Trident           |    95 |    42 ||   137
         Punch             |     2 |       ||     2
   Stab: Sleeping          |     6 |     5 ||    11
 Armour: Leather armour    |    20 |     3 ||    23
  Dodge: Dodged            |    53 |    22 ||    75

Table legend: (Time is in decaauts)
 A = Elapsed time spent in this place.
 B = Non-inter-level travel time spent in this place.
 C = Inter-level travel time spent in this place.
 D = Time resting spent in this place.
 E = Time spent auto-exploring this place.
 F = Levels seen in this place.
 G = Mean time per level.
                   A        B        C        D        E       F      G
               +--------+--------+--------+--------+--------+-----+--------+
         Total |   1741 |   1741 |      0 |      0 |   1209 |   3 |  580.3 |
       Dungeon |   1741 |   1741 |      0 |      0 |   1209 |   3 |  580.3 |
               +--------+--------+--------+--------+--------+-----+--------+

Top non-repeatable levels by time:
     D:2: 886 daAuts
     D:1: 825 daAuts
     D:3: 28 daAuts
